 Dungeon Crawl Stone Soup version 0.19.1 (webtiles) character file.

7670 CountDeLaPain the Slicer (level 11, -13/64 HPs)
             Began as a Halfling Fighter on Dec 7, 2016.
             Was a Believer of Hepliaklqana.
             Mangled by Urug
             ... wielding a +3 double sword of protection
              (15 damage)
             ... on level 11 of the Dungeon.
             The game lasted 00:38:08 (13109 turns).

CountDeLaPain the Slicer (Halfling Fighter)        Turns: 13109, Time: 00:38:08

Health: -13/64     AC: 19    Str: 18    XL:     11   Next: 41%
Magic:  15/15      EV:  8    Int:  8    God:    Hepliaklqana [**....]
Gold:   531        SH: 12    Dex: 15    Spells: 0 memorised, 10 levels left

rFire  . . .     SeeInvis .     a - +0 rapier
rCold  . . .     Gourm    .     K - +0 plate armour
rNeg   . . .     Faith    .     c - +0 shield
rPois  .         Spirit   .     G - +0 helmet
rElec  .         Reflect  .     T - +0 cloak {+Inv}
rCorr  .         Harm     .     B - +0 pair of gloves
MR     +....                    y - +0 pair of boots
Stlth  ..........               (no amulet)
                                (no ring)
                                m - ring of protection from magic

@: no status effects
A: reduced essence, mutation resistance 1
a: Recall Ancestor, Ancestor Identity, Renounce Religion, Evoke Invisibility


You were on level 11 of the Dungeon.
You worshipped Hepliaklqana.
Hepliaklqana was pleased with you.
You were near starving.

You visited 2 branches of the dungeon, and saw 12 of its levels.

You collected 531 gold pieces.

Inventory:

Hand Weapons
 a - a +0 rapier (weapon)
 l - a +0 falchion
 p - a +0 antimagic scimitar
Armour
 b - a +0 scale mail
 c - a +0 shield (worn)
 s - a +0 chain mail
 t - a +0 cloak
 y - a +0 pair of boots (worn)
 B - a +0 pair of gloves (worn)
 G - a +0 helmet (worn)
 K - a +0 plate armour (worn)
 T - a +0 cloak of invisibility (worn)
Jewellery
 i - an uncursed ring of fire
 m - a ring of protection from magic (left hand)
 v - an uncursed ring of wizardry
 N - an uncursed ring of fire
 Q - an uncursed ring of magical power
 Z - an uncursed ring of flight {unknown}
Wands
 j - a wand of acid (10/15)
 R - a wand of flame (2/48)
 W - a wand of digging (11/24)
 X - a wand of confusion (41/48)
Scrolls
 d - 2 scrolls of enchant armour {unknown}
 g - 4 scrolls of teleportation
 h - 2 scrolls of remove curse
 o - 12 scrolls of identify
 x - 2 scrolls of immolation {unknown}
 z - 2 scrolls of recharging {unknown}
 A - 2 scrolls of fog {unknown}
 F - a scroll of enchant weapon {unknown}
 L - a scroll of random uselessness {unknown}
 M - 2 scrolls of blinking {unknown}
 O - 2 scrolls of fear {unknown}
 U - a scroll of torment {unknown}
Potions
 e - a potion of agility
 n - 2 potions of brilliance
 q - a potion of heal wounds {unknown}
 u - 3 potions of lignification {unknown}
 w - a potion of resistance {unknown}
 C - a potion of haste {unknown}
 E - 2 potions of cure mutation
 H - 5 potions of curing
 I - a potion of mutation {unknown}
 J - a potion of cancellation {unknown}
Books
 P - a book of Changes

   Spells                             Type                      Level
   a - Beastly Appendage              Transmutation                1
   b - Sticks to Snakes               Transmutation                2
   c - Spider Form                    Transmutation/Poison         3
   d - Ice Form                       Ice/Transmutation            4
   e - Blade Hands                    Transmutation                5
 S - a book of Callings

   Spells                             Type                      Level
   a - Summon Small Mammal            Summoning                    1
   b - Call Imp                       Summoning                    2
   c - Call Canine Familiar           Summoning                    3
   d - Summon Guardian Golem          Hexes/Summoning              3
   e - Summon Lightning Spire         Summoning/Air                4
   f - Summon Ice Beast               Ice/Summoning                4
Comestibles
 f - 5 bread rations
 k - 3 meat rations
 r - 9 fruits
 D - 5 slices of pizza
 V - a royal jelly


   Skills:
 + Level 6.2 Fighting
 + Level 12.1 Short Blades
 + Level 8.4 Armour
 + Level 2.9 Dodging
 + Level 9.3 Shields
 * Level 5.5 Invocations


You had 10 spell levels left.
You didn't know any spells.

Dungeon Overview and Level Annotations

Branches:
Dungeon (11/15)            Temple (1/1) D:6            Lair (0/6) D:10
    Orc (0/2) D:10

Altars:
Ashenzari
Cheibriados
Dithmenos
Elyvilon
Fedhas
Gozag
Hepliaklqana
Kikubaaqudgha
Makhleb
Nemelex Xobeh
Okawaru
Qazlal
Ru
Sif Muna
Trog
Uskayaw
Vehumet
Xom
Yredelemnul
Zin
The Shining One

Annotations:
D:11 HelpMeObiWan's ghost, journeyman MiBe; Urug


Innate Abilities, Weirdness & Mutations

You are small and have problems with some larger weapons.
You are somewhat resistant to further mutation.
Your life essence is reduced. (-10% HP)


Message History

Found 23 sling bullets.
Found a stone staircase leading up.
There is a stone staircase leading up here.
You see here 2 javelins.
Urug throws a javelin.
The javelin hits you.
You see here a javelin.
Urug throws a javelin.
The javelin hits you!!
There is a stone staircase leading up, spattered with blood here.
You see here a javelin.
Urug hits you with a double sword of protection!
You closely miss Urug. You hit Urug but do no damage.
Urug hits you with a double sword of protection!
* * * LOW HITPOINT WARNING * * *
You feel better.
Urug hits you with a double sword of protection!!
* * * LOW HITPOINT WARNING * * *
Okay, then.
It was a potion of cure mutation.
It has a very clean taste.
Urug hits you with a double sword of protection!
You die...

############
#.....o@<(<#
#.########.#
#.# #(# #..
... #...
..#.


You could see Urug.

Vanquished Creatures
  The ghost of severent the Nimble, a novice DsSk of Qazlal (D:10)
  Maurice (D:8)
  2 hornets (D:8)
  Grinder (D:5)
  5 yaks (D:9)
  Edmund (D:5)
  2 orc warriors
  2 ice beasts
  A phantom (D:6)
  A sky beast (D:8)
  5 centaurs
  5 ogres
  4 bullfrogs
  A gnoll sergeant (D:5)
  2 scorpions
  A wight (D:7)
  5 howler monkeys
  2 crimson imps
  A bullfrog zombie (D:5)
  4 orc priests
  8 orc wizards
  5 hounds
  A jelly (D:5)
  A quasit (D:6)
  4 bullfrog skeletons
  A centaur skeleton (D:9)
  2 iguanas
  5 worker ants
  A killer bee zombie (D:9)
  2 hound zombies
  A hound skeleton (D:6)
  11 adders
  10 gnolls
  A howler monkey skeleton (D:9)
  A shadow imp (D:7)
  An ooze (D:7)
  3 worms
  3 dart slugs (D:1)
  7 leopard geckos
  36 orcs
  5 giant cockroaches
  12 goblins
  8 hobgoblins
  17 jackals
  4 quokkas
  A ball python (D:1)
  A ball python skeleton (D:5)
  9 bats
  10 frilled lizards
  9 kobolds
  A leopard gecko zombie (D:6)
  A quokka zombie (D:7)
  3 rats
232 creatures vanquished.

Vanquished Creatures (collateral kills)
  A hill giant (D:10)
  2 hippogriffs
  A hungry ghost (D:8)
  A warg (D:10)
  An orc warrior (D:10)
  A necrophage (D:8)
  2 sky beasts
  An ogre (D:9)
  A centaur (D:7)
  A crimson imp (D:8)
  2 bullfrog zombies
  A jelly (D:9)
  An orc priest (D:5)
  3 orc wizards
  A worker ant (D:8)
  A hound skeleton (D:7)
  2 adders
  2 gnolls (D:10)
  A shadow imp (D:7)
  A leopard gecko (D:9)
  4 orcs
  3 jackals
  A quokka (D:6)
  A leopard gecko skeleton (D:7)
36 creatures vanquished.

Vanquished Creatures (others)
  A wizard (D:4)
  2 battlemagi
  An orc wizard (D:4)
  5 ancestors
  A plant (D:10)
10 creatures vanquished.

Grand Total: 278 creatures vanquished

Notes
Turn   | Place    | Note
-------+----------+-------------------------------------------
     0 | D:1      | CountDeLaPain the Halfling Fighter began the quest for the Orb.
     0 | D:1      | Reached XP level 1. HP: 15/15 MP: 1/1
   306 | D:1      | Reached XP level 2. HP: 20/20 MP: 2/2
   449 | D:1      | Reached skill level 3 in Short Blades
   479 | D:1      | Reached XP level 3. HP: 22/25 MP: 3/3
  1171 | D:1      | Reached XP level 4. HP: 15/31 MP: 4/4
  1417 | D:2      | Reached skill level 1 in Dodging
  1771 | D:2      | Found an iron altar of Okawaru.
  1820 | D:2      | Reached XP level 5. HP: 33/36 MP: 5/5
  1938 | D:2      | Found a white marble altar of Elyvilon.
  1939 | D:2      | Found a shadowy altar of Dithmenos.
  2054 | D:2      | Reached skill level 4 in Short Blades
  2883 | D:3      | Reached XP level 6. HP: 31/42 MP: 6/6
  3928 | D:4      | Reached skill level 5 in Short Blades
  4311 | D:4      | Found a bloodstained altar of Trog.
  4326 | D:4      | Noticed a wizard
  4330 | D:4      | Killed a wizard
  4634 | D:4      | Reached XP level 7. HP: 34/46 MP: 7/7
  4694 | D:4      | Reached skill level 5 in Shields
  4886 | D:4      | Reached skill level 6 in Short Blades
  5139 | D:4      | Found a blossoming altar of Fedhas.
  5139 | D:4      | Found an ancient bone altar of Kikubaaqudgha.
  5211 | D:5      | Entered Level 5 of the Dungeon
  5467 | D:5      | Noticed Edmund
  5625 | D:5      | Reached XP level 8. HP: 42/54 MP: 8/8
  5637 | D:5      | Reached skill level 5 in Armour
  5840 | D:5      | Reached skill level 7 in Short Blades
  5968 | D:5      | Noticed Grinder
  6442 | D:6      | Reached skill level 8 in Short Blades
  6680 | D:6      | Found a staircase to the Ecumenical Temple.
  6732 | Temple   | Entered the Ecumenical Temple
  6791 | Temple   | Became a worshipper of Hepliaklqana the Forgotten
  7205 | D:5      | Killed Edmund
  7205 | D:5      | Reached XP level 9. HP: 46/53 MP: 9/9
  7691 | D:5      | Killed Grinder
  7691 | D:5      | Reached skill level 9 in Short Blades
  8433 | D:7      | Noticed a hippogriff
  8454 | D:7      | Killed a hippogriff
  8835 | D:7      | Reached skill level 5 in Fighting
  8990 | D:7      | Reached skill level 10 in Short Blades
  9211 | D:7      | Reached skill level 1 in Invocations
  9305 | D:8      | Reached * piety under Hepliaklqana
  9320 | D:8      | Reached XP level 10. HP: 59/59 MP: 9/11
 10124 | D:8      | Noticed Maurice
 10289 | D:8      | Reached skill level 11 in Short Blades
 10321 | D:8      | Killed Maurice
 11226 | D:9      | Reached XP level 11. HP: 17/64 MP: 14/14
 11692 | D:9      | Found a shattered altar of Ashenzari.
 11816 | D:9      | Found a shimmering altar of Xom.
 11822 | D:9      | Found a radiant altar of Vehumet.
 11823 | D:9      | Found a basalt altar of Yredelemnul.
 11825 | D:9      | Found a deep blue altar of Sif Muna.
 11826 | D:9      | Found a burning altar of Makhleb.
 11873 | D:9      | Reached ** piety under Hepliaklqana
 11881 | D:9      | Remembered your ancestor Audrea as a battlemage
 12034 | D:10     | Entered Level 10 of the Dungeon
 12132 | D:10     | Noticed severent's ghost (novice DsSk)
 12165 | D:10     | Killed severent's ghost
 12165 | D:10     | Reached skill level 12 in Short Blades
 12303 | D:10     | Found a staircase to the Orcish Mines.
 12316 | D:10     | Reached skill level 5 in Invocations
 12581 | D:10     | Noticed a hill giant
 12590 | D:10     | Killed a hill giant
 12882 | D:10     | Found a staircase to the Lair.
 13083 | D:11     | Noticed HelpMeObiWan's ghost (journeyman MiBe)
 13102 | D:11     | Noticed Urug
 13108 | D:11     | HP: 2/64 [Urug/double sword of protection (21)]
 13109 | D:11     | Mangled by Urug

Skill      XL: |  1  2  3  4  5  6  7  8  9 10 11 |
---------------+----------------------------------+-----
Short Blades   | 3 4 5 6 8 10 11 12 | 12.1
Fighting       | 3 4 5 6 |  6.2
Dodging        | 1 2 |  2.9
Shields        | 4 5 6 7 8 9 |  9.3
Armour         | 4 5 6 7 8 |  8.4
Invocations    | 1 4 5 |  5.5

Action                   |  1- 3 |  4- 6 |  7- 9 | 10-12 || total
-------------------------+-------+-------+-------+-------++-------
Melee: Rapier            |   125 |   377 |   513 |   436 ||  1451
Invok: Recall Ancestor   |       |       |     1 |       ||     1
       Ancestor Life: Ba |       |       |       |     1 ||     1
Evoke: Wand              |       |       |       |     1 ||     1
  Use: Scroll            |       |     3 |     1 |     4 ||     8
       Potion            |       |     2 |     1 |     3 ||     6
 Stab: Distracted        |       |       |       |     8 ||     8
  Eat: Chunk             |     1 |    11 |    15 |    12 ||    39
       Beef jerky        |       |       |     1 |       ||     1
Armor: Scale mail        |    67 |    59 |       |       ||   126
       Chain mail        |       |   117 |   178 |       ||   295
       Plate armour      |       |       |    48 |   141 ||   189
Dodge: Dodged            |    52 |   114 |   105 |    71 ||   342
Block: Shield            |    80 |   223 |   238 |   147 ||   688
